 Dungeon Crawl Stone Soup version 0.21.1-1-g345015f (webtiles) character file.

248546 grindst0ne the Bringer of Law (level 20, -5/168 HPs)
             Began as a Formicid Fighter on Mar 4, 2018.
             Was the Champion of Zin.
             Slain by a dire flail of draining (6 damage)
             ... on level 2 of the Elven Halls on Mar 5, 2018.
             The game lasted 02:00:26 (42519 turns).

grindst0ne the Bringer of Law (Formicid Fighter)   Turns: 42519, Time: 02:00:27

Health: -5/168     AC: 18    Str: 28    XL:     20   Next: 36%
Magic:  32/32      EV:  2    Int: 15    God:    Zin [******]
Gold:   1408       SH: 13    Dex: 10    Spells: 12/19 levels left

rFire    + . .     SeeInvis +   W - +2 battleaxe (freeze)
rCold    . . .     Gourm    .   I - +0 large shield
rNeg     . . .     Faith    .   e - +3 plate armour {rF+}
rPois    .         Spirit   .   (helmet unavailable)
rElec    .         Reflect  .   v - +1 cloak
rCorr    .         Harm     .   J - +0 pair of gloves
MR       ++++.                  Q - +1 pair of boots
Stlth    ..........             N - amulet of regeneration
HPRegen  0.78/turn              K - ring of protection from magic
MPRegen  0.23/turn              C - ring of protection from magic

@: mighty, extremely drained
A: permanent stasis, dig shafts and tunnels, four strong arms, antennae 3
}: 2/15 runes: decaying, gossamer
a: Dig, Shaft Self, Recite, Vitalisation, Imprison, Sanctuary, Donate Gold,
Renounce Religion


You were on level 2 of the Elven Halls.
You worshipped Zin.
Zin was exalted by your worship.
You were very hungry.

You visited 7 branches of the dungeon, and saw 34 of its levels.
You also visited: Labyrinth, Sewer and Volcano.

You collected 2585 gold pieces.
You spent 919 gold pieces at shops.
You donated 258 gold pieces to Zin.

Inventory:

Hand Weapons
 p - a +4 scimitar of flaming
 W - a +2 battleaxe of freezing (weapon)
Missiles
 q - a throwing net (quivered)
Armour
 b - a scarf of cloud immunity
 e - a +3 plate armour of fire resistance (worn)
 v - a +1 cloak (worn)
 I - a +0 large shield (worn)
 J - a +0 pair of gloves (worn)
 Q - a +1 pair of boots (worn)
Jewellery
 c - an uncursed ring of fire
 j - an uncursed ring of resist corrosion
 k - an uncursed ring of flight
 x - an uncursed ring of wizardry
 B - an uncursed ring of ice
 C - a ring of protection from magic (right hand)
 G - the ring "Unyun" {+Blink rElec rPois Int+7 Dex-2}
   (You found it on level 6 of the Dungeon)

   [ring of poison resistance]

   It affects your intelligence (+7).
   It affects your dexterity (-2).
   It insulates you from electricity.
   It protects you from poison.
   It lets you blink.
 K - a ring of protection from magic (left hand)
 N - an amulet of regeneration (around neck)
Wands
 a - a wand of disintegration (6)
 n - a wand of digging (34)
 t - a wand of enslavement (7)
 y - a wand of paralysis (26)
 F - a wand of iceblast (17)
 S - a wand of acid (5)
Scrolls
 h - 2 scrolls of enchant armour
 l - 15 scrolls of identify
 m - 11 scrolls of amnesia
 o - 14 scrolls of remove curse
 w - 4 scrolls of fear
 D - 3 scrolls of brand weapon
 L - 2 scrolls of enchant weapon
 M - 4 scrolls of fog
 T - a scroll of silence
 V - 2 scrolls of magic mapping
Potions
 d - 3 potions of magic
 g - 8 potions of curing
 i - 10 potions of brilliance
 r - a potion of mutation
 s - 3 potions of ambrosia
 u - a potion of cancellation
 z - 2 potions of flight
 A - 6 potions of agility
 E - 5 potions of resistance
 H - a potion of might
Miscellaneous
 O - a lightning rod (4/4)
 P - a box of beasts
Comestibles
 f - 27 rations


   Skills:
 + Level 17.3(0.8) Fighting
 + Level 16.0(0.0) Axes
 + Level 17.3(0.8) Armour
 + Level 3.2(0.0) Dodging
 - Level 15.0(0.0) Shields
 + Level 17.4(0.8) Invocations
 - Level 6.0(0.0) Evocations


You had 12 spell levels left.
You knew the following spells:

 Your Spells              Type           Power        Failure   Level  Hunger
a - Lee's Rapid Deconstr  Erth           #.........   100%        5    ######.
b - Passwall              Tmut/Erth      #.........   100%        2    ###....


Dungeon Overview and Level Annotations

Branches:
Dungeon (15/15)            Temple (1/1) D:5            Lair (6/6) D:9
  Swamp (4/4) Lair:4       Spider (4/4) Lair:3        Slime (0/5) Lair:5
    Orc (2/2) D:9             Elf (2/3) Orc:2        Vaults (0/5) D:13
 Depths (0/5) D:15

Altars:
Ashenzari
Cheibriados
Dithmenos
Elyvilon
Fedhas
Gozag
Hepliaklqana
Kikubaaqudgha
Makhleb
Nemelex Xobeh
Okawaru
Qazlal
Ru
Sif Muna
Trog
Uskayaw
Vehumet
Wu Jian
Xom
Yredelemnul
Zin
The Shining One
Beogh
Jiyva

Shops:
D:8 *   D:14 =   D:15 *   Orc:1 [   Orc:2 *(:!   Elf:2 %

Portals:
Trove: D:10 (show slimy rune of Zot)

Annotations:
D:3 exclusion: downstairs
D:7 exclusion: downstairs
D:13 exclusion: downstairs
Swamp:3 exclusion: downstairs


Innate Abilities, Weirdness & Mutations

You cannot be hasted, slowed, berserked, paralysed or teleported.
You can dig through walls and to a lower floor.
Your four strong arms can wield two-handed weapons with a shield.
You have a pair of large antennae on your head. (SInv)


Message History

* * * LOW HITPOINT WARNING * * *
You feel drained.
* * * LOW HITPOINT WARNING * * *
Your fire elemental completely misses the dire flail of draining.
You fail to use your ability.
The dire flail of draining hits you but does no damage.
You feel drained.
Your fire elemental hits the dire flail of draining.
Your fire elemental burns the dire flail of draining!
The dire flail of draining completely resists.
You block the dire flail of draining's attack.
You fail to use your ability.
Your fire elemental hits the dire flail of draining.
Your fire elemental burns the dire flail of draining!
The dire flail of draining completely resists.
You block the dire flail of draining's attack.
You fail to use your ability.
The dire flail of draining hits you!
* * * LOW HITPOINT WARNING * * *
You feel drained.
You die...

##########################
#...........).............
#.........................
#.........................
#.........................
#............)........[...
#.........)...............
#..........@..............
#.........<(..............
#..........E...............
#...........................
#.......(...................
#...........................
#...........................
#......)....................
#........................(..


You could see a dire flail of draining and a friendly fire elemental.

Vanquished Creatures
  Arachne (Spider:2)
  A tentacled monstrosity (Swamp:2)
  Agnes (Spider:2)
  3 thorn hunters
  The ghost of kaesh the Peltast, an adept MiFi of the Shining One (Spider:4)
  Kirke (D:14)
  A fire giant (D:15)
  A deep elf sorcerer (Elf:1)
  3 ghost moths
  An orc warlord (Orc:2)
  8 emperor scorpions
  A stone giant (Orc:1)
  Nessos (Lair:4)
  5 entropy weavers
  The ghost of Anonimus the Blocker, a journeyman GnFi of Okawaru (Lair:3)
  Azrael (D:13)
  5 dire elephants (Lair:6)
  An ettin (Orc:2)
  A deep elf death mage (Orc:2)
  A minotaur (Lab)
  The ghost of jazmu the Destroyer, a journeyman DsFE of Sif Muna (Lair:5)
  A deep elf high priest (Elf:1)
  3 vault guards (D:13)
  24 hydras
  A catoblepas (Lair:6)
  An anaconda (Lair:6)
  2 ghost crabs (Swamp:2)
  6 alligators
  A centaur warrior (D:14)
  3 ogre magi
  A death knight (D:13)
  A queen ant (Spider:2)
  18 two-headed ogres
  10 dancing weapons
  5 orc high priests
  4 deep elf knights
  8 skeletal warriors
  A naga ritualist (D:15)
  5 spriggan druids
  5 deep elf archers
  11 swamp dragons
  A lindwurm (Lair:6)
  9 orc knights
  An unseen horror (D:12)
  4 shambling mangroves
  2 phantasmal warriors
  An oklob plant (Swamp:2)
  10 ugly things
  31 deep elf magi
  4 orc sorcerers
  3 salamanders (Volcano)
  13 orb spiders
  26 wolf spiders
  A manticore (D:14)
  3 cyclopes
  10 elephants
  2 moths of wrath (Spider:4)
  5 black mambas
  2 gargoyles (D:14)
  16 spiny frogs
  A kobold demonologist (D:9)
  A rime drake (Lair:6)
  A yaktaur (D:13)
  An efreet (Volcano)
  A freezing wraith (D:13)
  10 komodo dragons
  12 demonic crawlers
  A queen bee (Spider:3)
  5 tyrant leeches
  34 jumping spiders
  6 meliai
  2 trolls
  Prince Ribbit (D:9)
  9 blink frogs
  12 hippogriffs
  13 hornets
  6 bog bodies
  19 slime creatures
  8 dream sheep (Lair:6)
  An air elemental (Elf:1)
  87 redbacks
  6 shadows
  23 tarantellas
  5 spriggans
  A spriggan (shapeshifter) (D:13)
  5 water elementals
  2 wraiths
  4 fire elementals
  38 yaks
  2 wyverns
  2 fire bats (Volcano)
  2 hogs (D:14)
  The ghost of soepske the Skirmisher, an amateur DsFi (D:4)
  A basilisk (Lair:2)
  A human (D:13)
  16 vampire mosquitoes
  5 hungry ghosts
  26 swamp worms
  5 wargs
  2 acid dragons (D:12)
  6 insubstantial wisps (Swamp:3)
  4 soldier ants
  7 water moccasins
  Duvessa (D:5)
  3 hell hounds
  7 porcupines
  A necrophage (D:10)
  40 orc warriors
  10 swamp drakes
  5 ice beasts
  An eye of draining (shapeshifter) (D:13)
  13 ogres
  4 phantoms
  4 sky beasts
  2 black bears
  9 centaurs
  56 wolves
  12 crocodiles
  15 big kobolds
  17 bullfrogs
  Dowan (D:5)
  A water moccasin zombie (D:6)
  An oklob sapling (Swamp:2)
  37 killer bees
  11 electric eels
  A troll zombie (D:9)
  13 wights
  2 howler monkeys (D:11)
  5 crimson imps
  5 centaur zombies
  8 hounds
  12 jellies
  29 orc priests
  A gnoll shaman (D:7)
  3 bullfrog skeletons
  Ijyb (D:3)
  14 iguanas
  23 orc wizards
  16 worker ants
  7 ogre zombies (D:9)
  3 worker ant zombies
  6 gnolls
  11 adders
  5 river rats
  8 shadow imps
  18 oozes
  3 adder zombies
  4 worms
  3 dart slugs (D:2)
  3 leopard geckos
  108 orcs
  7 ball pythons
  5 giant cockroaches
  5 goblins
  5 hobgoblins
  11 jackals
  3 quokkas
  4 bats
  14 frilled lizards
  A goblin skeleton (D:9)
  4 goblin zombies (D:9)
  2 hobgoblin zombies (D:9)
  38 kobolds
  2 leopard gecko skeletons
  An orc skeleton (D:9)
  17 orc zombies (D:9)
  A quokka skeleton (D:5)
  A quokka zombie (D:5)
  32 rats
  7 briar patches
  7 fungi
  6 plants (Lair:6)
1426 creatures vanquished.

Vanquished Creatures (collateral kills)
  A hornet (Swamp:2)
1 creature vanquished.

Vanquished Creatures (others)
  An unseen horror (shapeshifter) (Elf:1)
  A swamp dragon (Swamp:2)
  A deep elf archer (Elf:1)
  A hornet (Swamp:2)
  2 spriggans (Swamp:2)
  2 humans (D:14)
  An orc warrior (Orc:2)
  An orc (D:10)
  9 briar patches (Swamp:2)
  A bush (Lair:2)
  26 fungi
  2 pillars of salt
  13 plants
61 creatures vanquished.

Grand Total: 1488 creatures vanquished

Notes
Turn   | Place    | Note
-------+----------+-------------------------------------------
     0 | D:1      | grindst0ne the Formicid Fighter began the quest for the Orb.
     0 | D:1      | Reached XP level 1. HP: 18/18 MP: 1/1
   119 | D:1      | Reached XP level 2. HP: 20/24 MP: 2/2
   270 | D:1      | Reached XP level 3. HP: 20/29 MP: 3/3
   965 | D:2      | Reached XP level 4. HP: 36/37 MP: 4/4
  1563 | D:3      | Reached XP level 5. HP: 42/42 MP: 5/5
  1667 | D:3      | Noticed Ijyb
  1714 | D:3      | Killed Ijyb
  1891 | D:3      | Noticed a phantom
  1915 | D:3      | Reached XP level 6. HP: 11/49 MP: 6/6
  1918 | D:3      | Reached skill level 5 in Shields
  1918 | D:3      | HP: 1/49 [phantom (7)]
  1927 | D:3      | Killed a phantom
  2372 | D:4      | Noticed soepske's ghost (amateur DsFi)
  2567 | D:4      | Found a glowing drain.
  2571 | Sewer    | Entered a sewer
  2849 | Sewer    | Reached XP level 7. HP: 47/55 MP: 7/7
  2899 | Sewer    | Reached skill level 5 in Armour
  3035 | Sewer    | Reached skill level 5 in Fighting
  3258 | D:4      | Killed soepske's ghost
  3568 | D:5      | Entered Level 5 of the Dungeon
  3574 | D:5      | Reached XP level 8. HP: 55/63 MP: 8/8
  3709 | D:5      | Found a staircase to the Ecumenical Temple.
  3774 | Temple   | Entered the Ecumenical Temple
  3853 | Temple   | Became a worshipper of Zin the Law-Giver
  3853 | Temple   | Reached * piety under Zin
  3933 | D:5      | Found a shadowy altar of Dithmenos.
  3937 | D:5      | Noticed Duvessa
  3938 | D:5      | Noticed Dowan
  3952 | D:5      | Killed Duvessa
  3952 | D:5      | Reached skill level 5 in Axes
  3961 | D:5      | Killed Dowan
  4114 | D:5      | Reached ** piety under Zin
  4432 | D:6      | Got a flickering platinum ring
  4476 | D:6      | Identified the ring "Unyun" {+Blink rElec rPois Int+7 Dex-2} (You found it on level 6 of the Dungeon)
  4802 | D:6      | Reached XP level 9. HP: 56/71 MP: 9/9
  5479 | D:7      | Reached skill level 1 in Invocations
  5479 | D:7      | Reached skill level 1 in Evocations
  6020 | D:7      | Reached XP level 10. HP: 55/80 MP: 11/11
  6663 | D:8      | Noticed a two-headed ogre
  6945 | D:8      | Found Erphaacw's Assorted Antiques.
  6951 | D:8      | Bought a scroll labeled QEEF ROH YKAOWK for 29 gold pieces
  7086 | D:8      | Killed a two-headed ogre
  7148 | D:8      | Found a snail-covered altar of Cheibriados.
  7161 | D:8      | Reached *** piety under Zin
  7420 | D:9      | Noticed Prince Ribbit
  8163 | D:9      | Found a staircase to the Lair.
  8232 | D:9      | Reached XP level 11. HP: 21/87 MP: 14/14
  8579 | D:9      | Reached skill level 5 in Invocations
  8645 | D:9      | Found a staircase to the Orcish Mines.
  8756 | D:9      | Reached **** piety under Zin
  9308 | D:9      | Reached skill level 5 in Evocations
  9478 | D:9      | Reached skill level 10 in Shields
  9530 | D:9      | Killed Prince Ribbit
  9710 | D:10     | Entered Level 10 of the Dungeon
 10183 | D:10     | Found a portal to a secret trove of treasure.
 10468 | D:10     | You fall through a shaft!
 10800 | D:11     | Reached ***** piety under Zin
 10840 | D:11     | Reached XP level 12. HP: 69/96 MP: 15/17
 10868 | D:11     | Found a shattered altar of Ashenzari.
 11095 | Lair:1   | Entered Level 1 of the Lair of Beasts
 11353 | Lair:1   | Found a shimmering altar of Xom.
 11783 | Lair:1   | Noticed an eight-headed hydra
 11788 | Lair:1   | Killed an eight-headed hydra
 11788 | Lair:1   | Reached skill level 10 in Armour
 11840 | Lair:1   | Reached skill level 10 in Fighting
 12670 | Lair:2   | Noticed a five-headed hydra
 12679 | Lair:2   | Killed a five-headed hydra
 12798 | Lair:2   | Found a dark tunnel.
 12804 | Volcano  | Entered a volcano
 12816 | Volcano  | Noticed a two-headed ogre
 12826 | Volcano  | Killed a two-headed ogre
 12826 | Volcano  | Reached XP level 13. HP: 65/104 MP: 19/19
 13150 | Lair:2   | Noticed a seven-headed hydra
 13156 | Lair:2   | Killed a seven-headed hydra
 13662 | Lair:2   | Reached skill level 10 in Axes
 13929 | Lair:3   | Noticed Anonimus's ghost (journeyman GnFi)
 14105 | Lair:3   | Killed Anonimus's ghost
 14223 | Lair:3   | Noticed a seven-headed hydra
 15934 | Lair:3   | Reached skill level 10 in Invocations
 15988 | Lair:3   | Killed a seven-headed hydra
 16019 | Lair:3   | Identified a scroll of acquirement
 16059 | Lair:3   | Reached ****** piety under Zin
 16097 | Lair:3   | Found a hole to the Spider Nest.
 16840 | Lair:4   | Reached XP level 14. HP: 113/113 MP: 21/21
 16841 | Lair:4   | Found a staircase to the Swamp.
 16932 | Lair:4   | Noticed Nessos
 16943 | Lair:4   | Killed Nessos
 17532 | Lair:5   | Noticed jazmu's ghost (journeyman DsFE)
 17547 | Lair:5   | Killed jazmu's ghost
 18251 | Lair:5   | Found a runed door.
 18252 | Lair:5   | Found a viscous altar of Jiyva.
 18258 | Lair:5   | Found a staircase to the Slime Pits.
 18677 | Lair:6   | Entered Level 6 of the Lair of Beasts
 18684 | Lair:6   | Found a labyrinth entrance.
 18694 | Lab      | Entered a labyrinth
 19715 | Lab      | Identified the Papyrus of Aerial Orientation
 19733 | Lab      | Identified the Grimoire of Malediction
 21005 | Lair:6   | Reached XP level 15. HP: 95/122 MP: 23/23
 22029 | D:12     | Got a dazzling plate armour
 22040 | D:12     | Identified the +3 plate armour of Makhleb's Envy {rC- Regen+ Str+4} (You acquired it on level 12 of the Dungeon)
 22730 | D:13     | Noticed Azrael
 22748 | D:13     | Killed Azrael
 23566 | D:13     | Found a gate to the Vaults.
 23834 | D:14     | Reached XP level 16. HP: 103/131 MP: 25/25
 24096 | D:14     | Noticed Kirke
 24123 | D:14     | Killed Kirke
 24221 | D:14     | Found the colourful robe
 24225 | D:14     | Found a shadowy altar of Dithmenos.
 24436 | D:14     | Found Usav's Jewellery Emporium.
 24703 | D:15     | Entered Level 15 of the Dungeon
 25044 | D:15     | Found a staircase to the Depths.
 25063 | D:15     | Noticed a fire giant
 25079 | D:15     | Killed a fire giant
 25314 | D:15     | Reached skill level 15 in Shields
 25554 | D:15     | Found Ivviwohe's Serpentskin Sales.
 25910 | Orc:1    | Entered Level 1 of the Orcish Mines
 26097 | Orc:1    | Found Bozxoar's Antique Armour Shoppe.
 26510 | Orc:2    | Entered Level 2 of the Orcish Mines
 26983 | Orc:2    | Found a staircase to the Elven Halls.
 27245 | Orc:2    | Found a roughly hewn altar of Beogh.
 27346 | Orc:2    | Found Zidiz's General Store.
 27366 | Orc:2    | Reached XP level 17. HP: 60/140 MP: 27/27
 27481 | Orc:2    | Found Puatular's Antique Weapon Shop.
 27952 | Orc:2    | Found a roughly hewn altar of Beogh.
 28046 | Orc:2    | Found Quss's Distillery.
 28148 | Orc:2    | Found Coynk's Book Shoppe.
 28820 | D:14     | Bought an uncursed ring of resist corrosion for 320 gold pieces
 29083 | Orc:2    | Bought a potion of curing for 45 gold pieces
 29083 | Orc:2    | Bought a potion of curing for 45 gold pieces
 29083 | Orc:2    | Bought 2 potions of curing for 90 gold pieces
 29083 | Orc:2    | Bought a potion of heal wounds for 75 gold pieces
 29083 | Orc:2    | Bought a potion of heal wounds for 75 gold pieces
 29083 | Orc:2    | Bought a potion of curing for 45 gold pieces
 29083 | Orc:2    | Bought a potion of agility for 60 gold pieces
 29083 | Orc:2    | Bought a potion of agility for 60 gold pieces
 29083 | Orc:2    | Bought a potion of heal wounds for 75 gold pieces
 29294 | Swamp:1  | Entered Level 1 of the Swamp
 29403 | Swamp:1  | Noticed a thorn hunter
 29415 | Swamp:1  | Killed a thorn hunter
 30423 | Swamp:2  | Noticed a thorn hunter
 30443 | Swamp:2  | Killed a thorn hunter
 30629 | Swamp:2  | Noticed a thorn hunter
 30631 | Swamp:2  | Noticed a tentacled monstrosity
 30648 | Swamp:2  | Killed a tentacled monstrosity
 30648 | Swamp:2  | Reached skill level 15 in Armour
 30650 | Swamp:2  | Reached skill level 15 in Fighting
 30652 | Swamp:2  | Killed a thorn hunter
 30994 | Swamp:2  | Learned a level 5 spell: Lee's Rapid Deconstruction
 30997 | Swamp:2  | Learned a level 2 spell: Passwall
 31940 | Swamp:3  | Reached skill level 15 in Invocations
 32117 | Swamp:4  | Entered Level 4 of the Swamp
 32345 | Swamp:4  | Reached XP level 18. HP: 141/149 MP: 29/29
 33705 | Swamp:4  | Got a decaying rune of Zot
 34156 | Spider:1 | Entered Level 1 of the Spider Nest
 35500 | Spider:2 | Noticed Agnes
 35510 | Spider:2 | Killed Agnes
 35737 | Spider:2 | Reached skill level 15 in Axes
 35819 | Spider:2 | Noticed Arachne
 35849 | Spider:2 | Killed Arachne
 35849 | Spider:2 | Reached XP level 19. HP: 113/157 MP: 31/31
 38446 | Spider:4 | Entered Level 4 of the Spider Nest
 40107 | Spider:4 | Got a gossamer rune of Zot
 40339 | Spider:4 | Noticed kaesh's ghost (adept MiFi)
 40397 | Spider:4 | Killed kaesh's ghost
 40397 | Spider:4 | Reached skill level 1 in Dodging
 41064 | Elf:1    | Entered Level 1 of the Elven Halls
 41222 | Elf:1    | Reached XP level 20. HP: 154/168 MP: 32/32
 42337 | Elf:2    | Found Yfromaos's Food Shoppe.
 42519 | Elf:2    | HP: 1/168 [dire flail of draining (12)]
 42519 | Elf:2    | Slain by a dire flail of draining

Skill      XL: |  1  2  3  4  5  6  7  8  9 10 11 12 13 14 15 16 17 18 19 20 |
---------------+-------------------------------------------------------------+-----
Shields        | 4 5 6 7 8 9 10 11 12 13 14 15 | 15.0
Armour         | 4 5 6 7 8 9 10 11 12 13 14 15 16 17 | 17.3
Fighting       | 4 5 6 7 8 9 10 11 12 13 14 15 16 17 | 17.3
Axes           | 3 4 5 6 7 8 9 10 11 12 13 14 15 16 | 16.0
Invocations    | 2 4 6 8 10 11 12 13 15 16 17 | 17.4
Evocations     | 2 4 6 |  6.0
Dodging        | 1 3 |  3.2

Action                   |  1- 3 |  4- 6 |  7- 9 | 10-12 | 13-15 | 16-18 | 19-21 || total
-------------------------+-------+-------+-------+-------+-------+-------+-------++-------
Melee: War axe           |    87 |   287 |   506 |  1243 |   457 |       |       ||  2580
       Broad axe         |       |       |       |       |   879 |       |       ||   879
       Whip              |       |       |       |       |    11 |       |       ||    11
       Battleaxe         |       |       |       |       |    70 |  1669 |   999 ||  2738
       Scimitar          |       |       |       |       |       |    83 |       ||    83
Throw: Throwing net      |       |       |       |       |     2 |       |       ||     2
Invok: Vitalisation      |       |       |       |     1 |       |     2 |       ||     3
       Recite            |       |       |       |     5 |    10 |    28 |    11 ||    54
       Sanctuary         |       |       |       |       |     1 |     3 |       ||     4
 Abil: Dig               |       |    10 |     9 |    23 |    69 |    22 |    37 ||   170
Evoke: Wand              |       |       |       |    26 |    55 |    20 |     8 ||   109
       Lightning rod     |       |       |       |       |       |     6 |       ||     6
  Use: Potion            |       |     3 |     2 |     6 |     9 |    16 |     8 ||    44
       Scroll            |       |       |     9 |    13 |     7 |     4 |     2 ||    35
 Stab: Invisible         |       |       |       |     3 |     1 |     1 |       ||     5
       Paralysed         |       |       |       |     1 |    30 |    22 |     1 ||    54
       Distracted        |       |       |       |     1 |       |       |       ||     1
       Confused          |       |       |       |       |     3 |     8 |     3 ||    14
  Eat: Chunk             |       |     7 |     8 |    19 |    30 |    15 |     9 ||    88
       Ration            |       |     1 |     1 |     6 |     6 |     9 |     5 ||    28
Armor: Scale mail        |    18 |       |       |       |       |       |       ||    18
       Chain mail        |    21 |   140 |   176 |   455 |     2 |       |       ||   794
       Plate armour      |       |       |       |       |   629 |   993 |   662 ||  2284
Dodge: Dodged            |    39 |    81 |    97 |   308 |   270 |   415 |   244 ||  1454
Block: Shield            |    49 |   132 |   293 |   771 |   599 |       |       ||  1844
       Large shield      |       |       |       |       |   479 |  2029 |  1131 ||  3639
       Rpst.: Scimitar   |       |       |       |       |       |     6 |       ||     6
